 Dungeon Crawl Stone Soup version 0.28-a0-1159-g27aa881441 (webtiles) character file.

Game seed: 9455236209254883695

709 SensoryNuts the Poker (level 7, 0/54 HPs)
             Began as a Demonspawn Fighter on Dec 15, 2021.
             Slain by an orc priest (1 damage)
             ... on level 5 of the Dungeon.
             The game lasted 00:04:59 (4743 turns).

SensoryNuts the Poker (Demonspawn Fighter)          Turns: 4743, Time: 00:04:59

Health: 0/54       AC:  7    Str: 18    XL:     7   Next: 40%
Magic:  7/7        EV: 11    Int: 10    God:
Gold:   1142       SH:  4    Dex: 12    Spells: 6/6 levels left

rFire   . . .      SeeInvis .   g - +3 trident
rCold   . . .      Faith    .   c - +0 buckler
rNeg    . . .      Spirit   .   b - +0 scale mail
rPois   .          Reflect  .   (helmet restricted)
rElec   .          Harm     .   (no cloak)
rCorr   +          Rampage  .   (no gloves)
Will    .....                   (no boots)
Stlth   +.........              (no amulet)
HPRegen 0.18/turn               f - ring of resist corrosion
MPRegen 0.10/turn               (no ring)

@: no status effects
A: antennae 1, powered by death 1, sturdy frame 2
a: no special abilities


You were on level 5 of the Dungeon.
You visited 1 branch of the dungeon, and saw 5 of its levels.

You collected 1142 gold pieces.

Inventory:

Hand Weapons
 a - a +0 trident
 g - a +3 trident (weapon)
Armour
 b - a +0 scale mail (worn)
 c - a +0 buckler (worn)
 j - a scarf of invisibility
Jewellery
 f - a ring of resist corrosion (left hand)
Wands
 e - a wand of flame (16) (quivered)


   Skills:
 + Level 4.2 Fighting
 + Level 5.3 Polearms
 + Level 4.2 Armour
 + Level 1.9 Dodging
 + Level 0.1 Stealth
 + Level 3.6 Shields


You had 6 spell levels left.
You didn't know any spells.
Your spell library contained the following spells:

 Spells                   Type           Power      Damage    Failure   Level
 Slow                     Hex            0%         N/A       52%         1
 Confusing Touch          Hex            0%         N/A       87%         3
 Vampiric Draining        Necr           0%         2d6       87%         3


Dungeon Overview and Level Annotations

Branches:
Dungeon (5/15)
 Temple: D:4-7

Altars:
Fedhas
Hepliaklqana


Innate Abilities, Weirdness & Mutations

You have a pair of small antennae on your head.
You regenerate a little health from kills.
Your movements are less encumbered by armour. (ER -4)


Message History

You closely miss the orc priest.
The orc priest is moderately wounded.
The orc priest calls down the wrath of Beogh upon you.
Beogh smites you!
You hit the orc priest but do no damage.
The orc priest is moderately wounded.
You hear the quick rusting of a very distant drain.
The orc priest looks braver for a moment.
You hit the orc priest but do no damage.
The orc priest is moderately wounded.
You block the orc priest's attack.
The orc priest calls upon Beogh to heal the orc priest.
The orc priest's wounds heal themselves!
You closely miss the orc priest. The orc priest hits you with a +0 club.
You completely miss the orc priest.
The orc priest hits you but does no damage.
You closely miss the orc priest.
The orc priest casts a cantrip, but nothing happens.
You hit the orc priest.
The orc priest is lightly wounded.
The orc priest hits you with a +0 club.
You closely miss the orc priest.
The orc priest is lightly wounded.
The orc priest barely misses you.
The orc priest invokes the aid of Beogh against you.
Beogh smites you!
* * * LOW HITPOINT WARNING * * *
You hit the orc priest.
The orc priest is heavily wounded.
The orc priest hits you but does no damage.
You hit the orc priest but do no damage.
The orc priest is heavily wounded.
The orc priest calls down the wrath of Beogh upon you.
Beogh smites you!
* * * LOW HITPOINT WARNING * * *
The orc priest looks braver for a moment.
You closely miss the orc priest.
The orc priest is heavily wounded.
The orc priest hits you with a +0 club.
You die...

#.# #.# #.# #.#
####### ####.#
#.....#######....<
#.##........#.##.#
#.##..#####.#.#...
#@##..##..........
#o##.....##.#.#...
#o##..#####.#.....
#.#...## #.####.#
#......####.# #.#
#..........<# ##'#
##.....########.>.
##...## ##....
##.#.## ##.....


You could see 2 orc priests.

Vanquished Creatures
  Grinder (D:5)
  A necrophage (D:5)
  A centaur zombie (D:5)
  A centaur skeleton (D:4)
  2 orc priests (D:3)
  A hound (D:4)
  2 iguanas
  An orc wizard (D:3)
  Ijyb (D:4)
  6 adders
  A white imp (D:5)
  An ufetubus (D:4)
  3 worms
  2 dart slugs
  9 orcs
  10 ball pythons
  4 bats
  4 endoplasms
  3 giant cockroaches
  9 goblins
  7 hobgoblins
  3 jackals (D:2)
  9 kobolds
  2 quokkas
  3 frilled lizards
  3 rats
90 creatures vanquished.

Notes
Turn   | Place    | Note
-------+----------+-------------------------------------------
     0 | D:1      | SensoryNuts the Demonspawn Fighter began the quest for the
                  | Orb.
     0 | D:1      | Reached XP level 1. HP: 18/18 MP: 1/1
   147 | D:1      | Gained mutation: Your movements are slightly less
                  | encumbered by armour. (ER -2) [demonic ancestry]
   147 | D:1      | Reached XP level 2. HP: 20/24 MP: 2/2
   604 | D:1      | Reached skill level 2 in Polearms
   874 | D:2      | Gained mutation: You regenerate a little health from kills.
                  | [demonic ancestry]
   874 | D:2      | Reached XP level 3. HP: 28/29 MP: 3/3
  1276 | D:2      | Gained mutation: Your movements are less encumbered by
                  | armour. (ER -4) [demonic ancestry]
  1276 | D:2      | Reached XP level 4. HP: 35/35 MP: 4/4
  1566 | D:2      | Found a faded altar of an unknown god.
  1917 | D:3      | Reached skill level 3 in Polearms
  1924 | D:3      | Reached skill level 1 in Dodging
  1983 | D:3      | Reached XP level 5. HP: 13/41 MP: 5/5
  2556 | D:3      | HP: 3/61 [orc (3)]
  2829 | D:3      | Found a blossoming altar of Fedhas.
  2831 | D:3      | Found a hazy altar of Hepliaklqana.
  3533 | D:4      | Noticed Ijyb
  3552 | D:4      | Killed Ijyb
  3749 | D:4      | Gained mutation: You have a pair of small antennae on your
                  | head. [demonic ancestry]
  3749 | D:4      | Reached XP level 6. HP: 48/48 MP: 6/6
  3842 | D:4      | Reached skill level 4 in Polearms
  4198 | D:4      | Identified a scroll of acquirement
  4198 | D:4      | Acquired 1006 gold pieces
  4203 | D:5      | Entered Level 5 of the Dungeon
  4252 | D:5      | HP: 2/48 [white imp/puff of frost (4)]
  4539 | D:5      | Noticed Grinder
  4547 | D:5      | Paralysed by Grinder for 3 turns
  4568 | D:5      | Killed Grinder
  4569 | D:5      | Reached skill level 5 in Polearms
  4569 | D:5      | Reached XP level 7. HP: 33/54 MP: 7/7
  4742 | D:5      | HP: 1/54 [orc priest/divine providence (11)]
  4743 | D:5      | Slain by an orc priest

Illustrated notes

Levels and vault maps discovered:
D:1:      zaba_arrival_water, layout_basic, bh_walls_and_bars
D:2:      wander_river, layout_loops_ring, ebering_ecumenical_altar_petrified
D:3:      layout_loops_ring, chequers_temple_overflow_statue_of_worship
D:4:      minmay_wonky_spiral, layout_rooms, uniq_ijyb
D:5:      layout_loops_corners, minitemple, portal_sewer_entry_e, hex_tiny,
          uniq_pikel, uniq_grinder

Skill      XL: |  1  2  3  4  5  6 |
---------------+-------------------+-----
Armour         | 3 4 |  4.2
Polearms       | 2 3 5 |  5.3
Shields        | 3 |  3.6
Dodging        | 1 |  1.9
Fighting       | 4 |  4.2
Stealth        | |  0.1

Action                   |  1- 3 |  4- 6 |  7- 9 || total
-------------------------+-------+-------+-------++-------
Melee: Trident           |   127 |   264 |    19 ||   410
  Use: Potion            |       |     8 |       ||     8
       Scroll            |       |     4 |       ||     4
Armor: Scale mail        |    36 |    71 |     2 ||   109
Dodge: Dodged            |    41 |    98 |     3 ||   142
Block: Buckler           |    22 |    32 |     2 ||    56

Table legend: (Time is in decaauts)
 A = Elapsed time spent in this place.
 B = Non-inter-level travel time spent in this place.
 C = Inter-level travel time spent in this place.
 D = Time resting spent in this place.
 E = Time spent auto-exploring this place.
 F = Levels seen in this place.
 G = Mean time per level.
                   A        B        C        D        E       F      G
               +--------+--------+--------+--------+--------+-----+--------+
         Total |   4799 |   4669 |    130 |    325 |   3578 |   5 |  959.8 |
       Dungeon |   4799 |   4669 |    130 |    325 |   3578 |   5 |  959.8 |
               +--------+--------+--------+--------+--------+-----+--------+

Top non-repeatable levels by time:
     D:3: 1832 daAuts
     D:2: 874 daAuts
     D:1: 834 daAuts
     D:4: 743 daAuts
     D:5: 515 daAuts
